 Dungeon Crawl Stone Soup version 0.27-a0-887-gcab673c142 (webtiles) character file.

Game seed: 2604167171192243428

106 Hasart the Covered (level 4, -3/38 HPs)
             Began as a Demigod Fighter on Apr 3, 2021.
             Slain by an ogre
             ... wielding a +0 giant club
              (24 damage)
             ... on level 3 of the Dungeon on Apr 4, 2021.
             The game lasted 00:05:40 (2448 turns).

Hasart the Covered (Demigod Fighter)                Turns: 2448, Time: 00:05:41

Health: -3/38      AC:  6    Str: 21    XL:     4   Next: 30%
Magic:  6/6        EV:  7    Int: 10    God:
Gold:   58         SH:  9    Dex: 13    Spells: 3/3 levels left

rFire    . . .     SeeInvis .   a - +0 war axe
rCold    . . .     Faith    .   c - +0 kite shield
rNeg     . . .     Spirit   .   b - +0 scale mail
rPois    .         Reflect  .   (no helmet)
rElec    .         Harm     .   (no cloak)
rCorr    .         Rampage  .   (no gloves)
Will     .....                  (no boots)
Stlth    ..........             (no amulet)
HPRegen  0.12/turn              (no ring)
MPRegen  0.10/turn              (no ring)

@: no status effects
A: high mp 1, forlorn
a: no special abilities


You were on level 3 of the Dungeon.
You visited 1 branch of the dungeon, and saw 3 of its levels.

You collected 58 gold pieces.

Inventory:

Hand Weapons
 a - a +0 war axe (weapon)
Missiles
 g - 3 boomerangs (quivered)
Armour
 b - a +0 scale mail (worn)
 c - a +0 kite shield (worn)
Jewellery
 h - a +4 ring of evasion
Scrolls
 e - a scroll of enchant armour {unknown}
 f - 2 scrolls of fog {unknown}
 i - a scroll of acquirement {unknown}
 j - 2 scrolls of identify {unknown}
 k - a scroll of teleportation {unknown}
Potions
 d - a potion of might


   Skills:
 + Level 3.1 Fighting
 * Level 2.9 Axes
 + Level 1.1 Throwing
 + Level 3.1 Armour
 + Level 3.1 Shields


You had 3 spell levels left.
You didn't know any spells.
Your spell library was empty.

Dungeon Overview and Level Annotations

Branches:
Dungeon (3/15)

Portals:
Sewer: D:3


Innate Abilities, Weirdness & Mutations

Your attributes grow dramatically as you level up.
You have an increased reservoir of magic. (+10% MP)
You shall have no god before yourself.


Message History

The boomerang closely misses the orc.
The boomerang hits the ogre.
The ogre is lightly wounded.
You block the rat's attack. x2
Unknown command.
Throw: 3 boomerangs
Press: ? - help, Q - select action Shift-Dir - straight line, f/p - ogre
Aim: an ogre, wielding a +0 giant club (lightly wounded, 72% to hit)
You throw a boomerang.
The boomerang hits the rat but does no damage.
The rat is heavily wounded.
You block the rat's attack.
Unknown command.
Throw: 3 boomerangs
Press: ? - help, Q - select action Shift-Dir - straight line, f/p - ogre
Aim: an ogre, wielding a +0 giant club (lightly wounded, 73% to hit)
You throw a boomerang. The boomerang hits the rat!
You kill the rat!
Unknown command.
Unknown command.
Throw: 3 boomerangs
Press: ? - help, Q - select action Shift-Dir - straight line, f/p - ogre
Aim: an ogre, wielding a +0 giant club (lightly wounded, 72% to hit)
You throw a boomerang. The boomerang hits the orc.
You kill the orc!
The ogre barely misses you.
Unknown command.
You slash the ogre!
The ogre is heavily wounded.
The ogre hits you with a +0 giant club!
Unknown command.
You hit the ogre.
The ogre is severely wounded.
You block the ogre's attack.
Unknown command.
You completely miss the ogre.
The ogre is severely wounded.
The ogre hits you with a +0 giant club!!
Ouch! That really hurt!
You die...

..............###.#
#####...####### #...# #.r.#
#..r# #...# #...# ###.######
#.rrO@..# #########..####.#
...#......####.#
###.#........##.# #
#.........##.##.#########
#.##.#.#.....##............#
#....†.#...........##.####.#
####.#######.########.####.#
........####.### #<..##.#


You could see an ogre and 2 river rats.

Vanquished Creatures
  A scorpion (D:3)
  A worm (D:3)
  A dart slug (D:3)
  An orc (D:3)
  An endoplasm (D:2)
  2 goblins (D:1)
  3 hobgoblins
  7 kobolds
  3 quokkas
  7 ball pythons
  8 bats
  6 frilled lizards
  4 rats
45 creatures vanquished.

Vanquished Creatures (others)
  4 plants (D:1)
4 creatures vanquished.

Grand Total: 49 creatures vanquished

Notes
Turn   | Place    | Note
-------+----------+-------------------------------------------
     0 | D:1      | Hasart the Demigod Fighter began the quest for the Orb.
     0 | D:1      | Reached XP level 1. HP: 18/18 MP: 3/3
   676 | D:1      | Reached XP level 2. HP: 21/25 MP: 4/4
  1597 | D:2      | Reached XP level 3. HP: 30/31 MP: 5/5
  2043 | D:3      | Noticed a scorpion
  2052 | D:3      | Killed a scorpion
  2053 | D:3      | Reached skill level 1 in Throwing
  2053 | D:3      | Reached XP level 4. HP: 9/38 MP: 6/6
  2419 | D:3      | Noticed an ogre
  2421 | D:3      | Found a glowing drain.
  2448 | D:3      | Slain by an ogre

Illustrated notes

Levels and vault maps discovered:
D:1:      saegor_arrival_simple_d, layout_basic, basic_ecumenical_altar,
          lexackson_kobold_supper
D:2:      layout_loops_cross
D:3:      layout_loops_cross, portal_sewer_entry_a

Skill      XL: |  1  2  3 |
---------------+----------+-----
Axes           | 2 |  2.9
Fighting       | 3 |  3.1
Armour         | 3 |  3.1
Throwing       | 1 |  1.1
Shields        | 3 |  3.1

Action                   |  1- 3 |  4- 6 || total
-------------------------+-------+-------++-------
Melee: War axe           |   112 |    10 ||   122
Throw: Boomerang         |       |     7 ||     7
Armor: Scale mail        |    79 |     4 ||    83
Dodge: Dodged            |    49 |     8 ||    57
Block: Kite shield       |    72 |    11 ||    83

Table legend: (Time is in decaauts)
 A = Elapsed time spent in this place.
 B = Non-inter-level travel time spent in this place.
 C = Inter-level travel time spent in this place.
 D = Time resting spent in this place.
 E = Time spent auto-exploring this place.
 F = Levels seen in this place.
 G = Mean time per level.
                   A        B        C        D        E       F      G
               +--------+--------+--------+--------+--------+-----+--------+
         Total |   2529 |   2411 |    118 |    213 |   1739 |   3 |  843.0 |
       Dungeon |   2529 |   2411 |    118 |    213 |   1739 |   3 |  843.0 |
               +--------+--------+--------+--------+--------+-----+--------+

Top non-repeatable levels by time:
     D:1: 1243 daAuts
     D:2: 845 daAuts
     D:3: 440 daAuts
